 Dungeon Crawl Stone Soup version 0.20.1-1-g8b1a95d (webtiles) character file.

37 keltmir the Changer (level 3, -4/28 HPs)
             Began as a Draconian Transmuter on Nov 1, 2017.
             Slain by a gnoll
             ... wielding a +0 halberd
              (11 damage)
             ... on level 2 of the Dungeon.
             The game lasted 00:06:02 (1680 turns).

keltmir the Changer (Draconian Transmuter)          Turns: 1680, Time: 00:06:03

Health: -4/28      AC:  5    Str: 12    XL:     3   Next: 23%
Magic:  1/6        EV: 12    Int: 14    God:
Gold:   32         SH:  0    Dex: 11    Spells: 2/6 levels left

rFire    . . .     SeeInvis .     - Unarmed
rCold    . . .     Gourm    .   (no shield)
rNeg     . . .     Faith    .   (armour unavailable)
rPois    .         Spirit   .   (helmet restricted)
rElec    .         Reflect  .   (no cloak)
rCorr    .         Harm     .   (no gloves)
MR       .....                  (no boots)
Stlth    +.........             (no amulet)
Regen    0.1/turn               (no ring)
MPRegen  0.1/turn               (no ring)

@: very slightly contaminated
A: unfitting armour, cold-blooded, AC +5
a: no special abilities


You were on level 2 of the Dungeon.
You were hungry.

You visited 1 branch of the dungeon, and saw 3 of its levels.

You collected 32 gold pieces.

Inventory:

Missiles
 a - 15 arrows
Scrolls
 f - a scroll of magic mapping {unknown}
 h - a scroll of identify {unknown}
Potions
 e - a potion of mutation {unknown}
Books
 b - a book of Changes

   Spells                             Type                      Level
   a - Beastly Appendage              Transmutation                1
   b - Sticks to Snakes               Transmutation                2
   c - Spider Form                    Transmutation/Poison         3
   d - Ice Form                       Ice/Transmutation            4
   e - Blade Hands                    Transmutation                5
Comestibles
 c - a bread ration
 d - 9 fruits


   Skills:
 - Level 1.1 Fighting
 - Level 1.7 Dodging
 - Level 3.0 Unarmed Combat
 - Level 2.0 Spellcasting
 * Level 3.7 Transmutations


You had 2 spell levels left.
You knew the following spells:

 Your Spells              Type           Power        Failure   Level  Hunger
a - Beastly Appendage     Tmut           ##....       5%          1    ##.....
b - Spider Form           Tmut/Pois      #.........   32%         3    ####...


Dungeon Overview and Level Annotations

Branches:
Dungeon (3/15)

Altars:
The Shining One

Annotations:
D:2 1 transporter


Innate Abilities, Weirdness & Mutations

Your plain brown scales are hard. (AC +5)
You cannot fit into any form of body armour.
You are cold-blooded and may be slowed by cold attacks.


Message History

You hit the gnoll but do no damage. The gnoll hits you but does no damage.
The gnoll hits you from afar with a halberd!
The gnoll closely misses you. The gnoll misses you.
A gnoll comes into view. It is wielding a spear.
The gnoll shouts!
The gnoll hits you with a flail!
Your transformation has ended.
The frilled lizard hisses.
There is an open door here.
The gnoll throws a throwing net.
The throwing net hits you.
You become entangled in the net!
You see here a throwing net.
You struggle against the net.
The gnoll closely misses you.
You tear a large gash into the net.
The gnoll hits you but does no damage.
The gnoll hits you from afar with a spear.
* * * LOW HITPOINT WARNING * * *
You rip the net and break free!
The gnoll hits you from afar with a halberd!
You die...

#..©#.......$_# ...#######
#...#.......?.#
...'.....#####.#.#.......!$#
#..........#8o......8#
#...######.##l......##
#....g.#....#########.
######.##.#..............
.........g#...........###
####....gg'@..........#
#.##..##...........##
#........###.#......#
####...#####.#.##.#.#####
...............<..........
##.##.#...#####.#..#....#.
#...#.##.######.#.#####.#.
#...............#.......##
..##.###.#######.####..#.


You could see an orc warrior, 3 gnolls and a frilled lizard.

Vanquished Creatures
  A gnoll (D:1)
  A dart slug (D:1)
  A leopard gecko (D:2)
  A ball python (D:1)
  A giant cockroach (D:1)
  2 hobgoblins (D:1)
  4 bats
  4 goblins
  5 kobolds (D:1)
  4 rats
24 creatures vanquished.

Vanquished Creatures (others)
  A bat (D:2)
1 creature vanquished.

Grand Total: 25 creatures vanquished

Notes
Turn   | Place    | Note
-------+----------+-------------------------------------------
     0 | D:1      | keltmir the Draconian Transmuter began the quest for the Orb.
     0 | D:1      | Reached XP level 1. HP: 16/16 MP: 3/3
   308 | D:1      | Reached XP level 2. HP: 23/23 MP: 5/5
   963 | D:1      | Reached XP level 3. HP: 27/28 MP: 6/6
   976 | D:1      | Learned a level 3 spell: Spider Form
  1036 | D:2      | Found a faded altar of an unknown god.
  1074 | D:2      | Noticed an orc warrior
  1087 | D:2      | Found a transporter.
  1087 | D:2      | Found a glowing golden altar of the Shining One.
  1680 | D:2      | Slain by a gnoll

Skill      XL: |  1  2 |
---------------+-------+-----
Transmutations | 3 |  3.7
Fighting       | |  1.1
Dodging        | |  1.7
Unarmed Combat | |  3.0
Spellcasting   | |  2.0

Action                   || total
-------------------------++-------
Melee: Unarmed           ||    94
       Tailslap          ||     5
       Kick              ||     5
       Punch             ||     1
       Headbutt          ||     3
 Cast: Beastly Appendage ||    14
       Spider Form       ||     2
  Use: Potion            ||     1
       Scroll            ||     1
  Eat: Chunk             ||     3
Armor: Skin              ||    45
Dodge: Dodged            ||    66
